 Dungeon Crawl Stone Soup version 0.25-a0-474-ga8a2ee3166 (webtiles) character file.

Game seed: 14955069066250152837, levelgen mode: deterministic

6 BeastOfSaturn the Grave Robber (level 1, -3/14 HPs)
             Began as a Minotaur Necromancer on Feb 8, 2020.
             Slain by a kobold
             ... wielding a cursed -1 whip
              (4 damage)
             ... on level 1 of the Dungeon.
             The game lasted 00:02:39 (567 turns).

BeastOfSaturn the Grave Robber (MiNe)                Turns: 567, Time: 00:02:40

Health: -3/14      AC:  3    Str: 12    XL:     1   Next: 75%
Magic:  0/1        EV: 12    Int: 12    God:
Gold:   19         SH:  0    Dex: 10    Spells: 1/2 levels left

rFire    . . .     SeeInvis .   f - +0 club
rCold    . . .     Gourm    .   (no shield)
rNeg     . . .     Faith    .   d - +0 leather armour (curse)
rPois    .         Spirit   .   (helmet restricted)
rElec    .         Reflect  .   (no cloak)
rCorr    .         Harm     .   (no gloves)
MR       .....                  (no boots)
Stlth    +.........             (no amulet)
HPRegen  0.04/turn              (no ring)
MPRegen  0.07/turn              (no ring)

@: no status effects
A: retaliatory headbutt, horns 2
a: no special abilities


You were on level 1 of the Dungeon.
You were not hungry.

You visited 1 branch of the dungeon, and saw 1 of its levels.

You collected 19 gold pieces.

Inventory:

Hand Weapons
 f - a +0 club (weapon)
Armour
 a - a +0 robe
 d - a cursed +0 leather armour (worn)
Scrolls
 b - a scroll of identify {unknown}
 e - a scroll of enchant weapon {unknown}
Comestibles
 c - a ration


   Skills:
 * Level 1.1 Armour
 - Level 2.1 Dodging
 - Level 1.5 Stealth
 + Level 1.4 Spellcasting
 + Level 3.1 Necromancy


You had one spell level left.
You knew the following spells:

 Your Spells              Type           Power        Failure   Level  Hunger
a - Pain                  Necr           #...         11%         1    ##.....

Your spell library contained the following spells:

 Spells                   Type           Power        Failure   Level  Hunger
 Animate Skeleton         Necr           N/A          11%         1    ##.....
 Vampiric Draining        Necr           #.........   30%         3    ####...
 Animate Dead             Necr           N/A          71%         4    #####..
 Agony                    Necr           #.......     96%         5    ######.


Dungeon Overview and Level Annotations

Branches:
Dungeon (1/15)

Altars:


Innate Abilities, Weirdness & Mutations

You reflexively headbutt those who attack you in melee.
You have a pair of horns on your head.


Message History

You barely miss the kobold.
The kobold hits you with a cursed -1 whip.
You hit the kobold.
The kobold is moderately wounded.
The kobold hits you but does no damage.
The kobold hits you with a cursed -1 whip.
* * * LOW HITPOINT WARNING * * *
You closely miss the kobold.
The kobold is moderately wounded.
The kobold closely misses you.
Casting: Pain (safe; 11% risk of failure)
Confirm with . or Enter, or press ? or * to list all spells.
Aiming: Pain (safe; 11% risk of failure)
Press: ? - help, Shift-Dir - straight line, f - kobold
Aim: a kobold, wielding a -1 whip (moderately wounded, chance to defeat MR: 73%)
The kobold struggles to resist.
The kobold hits you with a cursed -1 whip.
* * * LOW HITPOINT WARNING * * *
The kobold hits you with a cursed -1 whip.
You die...

## ##.###### .###...#...##
....##...#..# #### ..####.###..##
#..## .## ### ##..###...# #######
#..#..#.## ## .#....##
###..##..## ## ###. ...##..#
####..#.# ##.# ##... ..###..##
###@#### ##.# ##.... .#####..###
##...K.## #.## #.....
...####...###.......###†# ##....†
....###...##...###...#'####......
.<..##..##.#..## ##....##........
...###..###...## ##..#....#......
#### ##..#.....###...#######.....
##....#.......#'#.# #.....
#######.....###..# ##....


You could see a kobold.

Vanquished Creatures
  2 hobgoblins (D:1)
  A kobold (D:1)
  2 goblins (D:1)
5 creatures vanquished.

Notes
Turn   | Place    | Note
-------+----------+-------------------------------------------
     0 | D:1      | BeastOfSaturn the Minotaur Necromancer began the quest for
                  | the Orb.
     0 | D:1      | Reached XP level 1. HP: 14/14 MP: 1/1
   155 | D:1      | Reached skill level 3 in Necromancy
   547 | D:1      | Reached skill level 1 in Armour
   567 | D:1      | Slain by a kobold

Levels and vault maps discovered:
D:1:      dpeg_cavernosity, layout_basic

Skill      XL: |  1 |
---------------+----+-----
Necromancy     | 3 |  3.1
Armour         | 1 |  1.1
Dodging        | |  2.1
Stealth        | |  1.5
Spellcasting   | |  1.4

Action                   || total
-------------------------++-------
Melee: Unarmed           ||    18
       Club              ||     8
       Headbutt          ||     3
 Cast: Pain              ||     4
Armor: Leather armour    ||     7
Dodge: Dodged            ||    11

Table legend:
 A = Non-vault XP
 B = Vault XP
 C = Vault XP percentage of total XP
 D = Non-vault monster count
 E = Vault monster count
 F = Vault count percentage of total count
                 A         B        C        D         E       F
            +---------+---------+-------+---------+---------+-------
      Total |       4 |       5 |  55.6 |       2 |       3 |  60.0
            +---------+---------+-------+---------+---------+-------
        D:1 |       4 |       5 |  55.6 |       2 |       3 |  60.0
            +---------+---------+-------+---------+---------+-------
